 Dungeon Crawl Stone Soup version 0.26-a0-190-g75a3d40d47 (webtiles) character file.

Game seed: 730564531868948335

354547 Glokmah the Gargoyle Cataclysm (level 22, -3/144 HPs)
             Began as a Gargoyle Ice Elementalist on July 3, 2020.
             Was a High Priest of Qazlal.
             Slain by a +1 mace of distortion (13 damage)
             ... on level 2 of the Elven Halls on July 4, 2020.
             The game lasted 05:15:17 (68945 turns).

Glokmah the Gargoyle Cataclysm (GrIE)              Turns: 68945, Time: 05:15:17

Health: -3/144     AC: 38    Str: 13      XL:     22   Next: 30%
Magic:  3/46       EV: 16    Int: 33 (36) God:    Qazlal [*****.]
Gold:   812        SH:  7    Dex: 10      Spells: 8/51 levels left

rFire    + . .     SeeInvis .   a - +5 quarterstaff of a bailey {flame, *Noise rPois Int+7 Stlth+}
rCold    + . .     Faith    .   (shield currently unavailable)
rNeg     + . .     Spirit   .   J - +2 robe {rC+ rF+}
rPois    ∞         Reflect  .   F - +2 hat {MR+}
rElec    +         Harm     .   Y - scarf {rC+ rF+}
rCorr    .                      l - +2 pair of gloves
MR       +++++                  x - +2 pair of boots
Stlth    +.........             f - amulet of Knowledge {RegenMP rF- rC- MR+++ MP+9}
HPRegen  0.34/turn              L - +6 ring of intelligence
MPRegen  0.55/turn              W - +4 ring of protection

@: mighty, protected from physical damage, flying, slowed, studying 2 skills,
repel missiles, very slow
A: big wings, [dopey 1], [low mp 1], negative energy resistance 1, electricity
resistance, unbreathing, petrification resistance, rot immunity, AC +16
}: 2/15 runes: barnacled, gossamer
a: Stop Flying, Upheaval, Elemental Force, Disaster Area, Renounce Religion


You were on level 2 of the Elven Halls.
You worshipped Qazlal.
Qazlal was extremely pleased with you.
You were hungry.

You visited 7 branches of the dungeon, and saw 37 of its levels.
You visited the Abyss 1 time.
You visited 1 bazaar.
You also visited: Sewer and Ossuary.

You collected 4406 gold pieces.
You spent 3594 gold pieces at shops.

Inventory:

Hand Weapons
 a - the +5 quarterstaff of a bailey (weapon) {flame, *Noise rPois Int+7 Stlth+}
   (You found it on level 8 of the Dungeon)

   It has been specially enchanted to burn those struck by it, causing extra
   injury to most foes and up to half again as much damage against particularly
   susceptible opponents.
   It affects your intelligence (+7).
   It protects you from poison.
   It may make noises in combat.
   It makes you more stealthy.
 b - a +9 halberd of draining
 c - the +5 flail "Ciwy" {flame, Str-3 Dex+5 SInv}
   (You found it on level 4 of the Lair of Beasts)

   It has been specially enchanted to burn those struck by it, causing extra
   injury to most foes and up to half again as much damage against particularly
   susceptible opponents.
   It affects your strength (-3).
   It affects your dexterity (+5).
   It lets you see invisible.
Missiles
 C - 97 poisoned darts (quivered)
 G - 12 throwing nets
 K - 51 silver javelins
Armour
 l - a +2 pair of gloves (worn)
 x - a +2 pair of boots (worn)
 B - +1 acid dragon scales
 D - the +2 ring mail of Spring {rF+++}
   (You found it on level 5 of the Dungeon)

   It renders you almost immune to fire.
 F - a +2 hat of magic resistance (worn)
 J - a +2 robe of resistance (worn)
 Y - a scarf of resistance (worn)
Jewellery
 f - the amulet of Knowledge (around neck) {RegenMP rF- rC- MR+++ MP+9}
   (You bought it in a shop on level 2 of the Orcish Mines)

   [amulet of magic regeneration]

   It increases your magic regeneration.
   It makes you vulnerable to fire.
   It makes you vulnerable to cold.
   It affects your resistance to hostile enchantments.
   It affects your magic capacity (+9).
 L - a +6 ring of intelligence (left hand)
 S - an uncursed ring of ice
 W - a +4 ring of protection (right hand)
Wands
 h - a wand of disintegration (13)
 k - a wand of acid (9)
 y - a wand of flame (102)
 E - a wand of iceblast (28)
 R - a wand of digging (9)
 U - a wand of paralysis (21)
Scrolls
 d - 2 scrolls of summoning
 g - 23 scrolls of remove curse
 j - a scroll of holy word
 u - 9 scrolls of fear
 w - 5 scrolls of teleportation
 H - 9 scrolls of fog
 M - 2 scrolls of blinking
 N - 2 scrolls of vulnerability
 O - 6 scrolls of amnesia
 T - 7 scrolls of magic mapping
 V - 2 scrolls of silence
 X - 5 scrolls of immolation
Potions
 i - 7 potions of ambrosia
 m - 13 potions of curing
 n - 2 potions of brilliance
 p - a potion of resistance
 q - 10 potions of lignification
 r - 6 potions of might
 s - 6 potions of berserk rage
 v - a potion of heal wounds
 z - 4 potions of magic
 A - 3 potions of haste
 I - a potion of cancellation
 Q - a potion of invisibility
 Z - a potion of mutation
Books
 t - a manual of Fighting
 P - a manual of Spellcasting
Miscellaneous
 e - 2 phantom mirrors
Comestibles
 o - 19 rations


   Skills:
 + Level 17.1 Fighting
 + Level 14.0 Armour
 + Level 9.6 Dodging
 - Level 2.1 Stealth
 * Level 15.1 Spellcasting
 - Level 7.0 Conjurations
 - Level 2.0 Charms
 - Level 4.0 Summonings
 - Level 4.0 Necromancy
 + Level 18.4 Ice Magic
 - Level 11.0 Earth Magic
 * Level 19.4 Invocations


You had 8 spell levels left.
You knew the following spells:

 Your Spells              Type           Power        Failure   Level  Hunger
a - Freeze                Ice            ####         0%          1    None
b - Frozen Ramparts       Ice            ######       0%          3    None
c - Ozocubu's Armour      Chrm/Ice       #######.     1%          3    None
d - Hailstorm             Conj/Ice       #######.     1%          4    None
e - Summon Ice Beast      Ice/Summ       #######.     1%          4    None
f - Borgnjor's Vile Clut  Necr/Erth      ######....   2%          5    None
g - Simulacrum            Ice/Necr       #######...   2%          6    ##.....
h - Dispel Undead         Necr           ######..     3%          4    None
i - Iron Shot             Conj/Erth      ######....   6%          6    ##.....
j - Swiftness             Chrm/Air       ####....     1%          2    None
k - Blink                 Tloc           N/A          2%          2    None
l - Conjure Flame         Conj/Fire      #####...     1%          3    None

Your spell library contained the following spells:

 Spells                   Type           Power        Failure   Level  Hunger
 Magic Dart               Conj           ####         1%          1    None
 Shock                    Conj/Air       ####         1%          1    None
 Call Imp                 Summ           ######..     1%          2    None
 Corpse Rot               Necr/Air       N/A          1%          2    None
 Searing Ray              Conj           ######       1%          2    None
 Dazzling Flash           Conj/Hex       #####.       1%          3    None
 Mephitic Cloud           Conj/Pois/Air  #####...     1%          3    None
 Static Discharge         Conj/Air       #####...     1%          3    None
 Leda's Liquefaction      Hex/Erth       ######....   1%          4    None
 Slow                     Hex            ###.....     2%          2    None
 Recall                   Summ/Tloc      N/A          2%          3    None
 Animate Dead             Necr           N/A          3%          4    None
 Ignite Poison            Fire/Tmut/Pois ###.....     4%          3    None
 Fulminant Prism          Conj/Hex       #####.....   4%          4    None
 Iskenderun's Mystic Bla  Conj/Tloc      #####...     4%          4    None
 Bolt of Magma            Conj/Fire/Erth ######....   4%          5    None
 Agony                    Necr           ######..     9%          5    None
 Fireball                 Conj/Fire      #####.....   11%         5    None
 Irradiate                Conj/Tmut      #####.....   11%         5    None
 Lightning Bolt           Conj/Air       #####.....   11%         5    None
 Excruciating Wounds      Chrm/Necr      #####.....   14%         5    None
 Airstrike                Air            ###.......   17%         4    None
 Death Channel            Necr           ######....   45%         6    ##.....
 Starburst                Conj/Fire      #####.....   52%         6    ##.....
 Hydra Form               Tmut           ###.......   95%         6    ##.....
 Dragon Form              Tmut           ###.......   100%        7    #####..
 Ring of Flames           Chrm/Fire      ####......   100%        7    #####..
 Ignition                 Fire           ###.......   100%        8    ######.
 Shatter                  Erth           #######...   100%        9    #######
 Sublimation of Blood     Necr           Unusable     N/A         2    N/A
 Statue Form              Tmut/Erth      Unusable     N/A         6    N/A

Dungeon Overview and Level Annotations

Branches:
Dungeon (15/15)            Temple (0/1) D:4            Lair (6/6) D:11
 Shoals (4/4) Lair:3       Spider (4/4) Lair:3        Slime (0/5) Lair:5
    Orc (2/2) D:12            Elf (2/3) Orc:2        Vaults (4/5) D:13
  Crypt (0/3) Vaults:2     Depths (0/5) D:15          Sewer (visited)
Ossuary (visited)

Altars:
Ashenzari
Gozag
Makhleb
Qazlal
Ru
Vehumet
Yredelemnul
Zin
Beogh

Shops:
D:6 !   D:8 ![}   Orc:1 :?   Orc:2 ((!=   Shoals:1 [   Shoals:2 :?

Annotations:
Spider:4 exclusion: 3 doors
Vaults:3 exclusion: obsidian statue


Innate Abilities, Weirdness & Mutations

You are resistant to torment.
Your stone body is resilient. (AC +16)
You are immune to poison.
Your large and strong wings let you fly indefinitely.
You resist negative energy. (rN+)
You are resistant to electric shocks. (rElec)
You can survive without breathing.
You are immune to petrification.
You are immune to rotting.
[You are dopey. (Int -2)]
[Your magical capacity is low. (-10% MP)]


Message History

The wall freezes the raiju!
You kill the raiju!
Qazlal accepts your kill.
Found 23 gold pieces.
You see here a raiju corpse.
Press: ? - help, v - describe, . - travel A gateway leading out of the Abyss.
The eidolon resists.
The wall freezes the eidolon.
There is a gateway leading out of the Abyss here.
The eidolon is engulfed in seething chaos.
The eidolon resists.
The wall freezes the eidolon.
The eidolon hits you!
* * * LOW HITPOINT WARNING * * *
The eidolon drains your vigour!
You feel yourself slow down. The eidolon closely misses you.
The frozen ramparts melt away.
You pass through the gate.
Welcome back to the Elven Halls!
The +1 mace of distortion is engulfed in freezing vapours.
The +1 mace of distortion hits you but does no damage.
Space warps horribly around you!
You die...

#........# ##.#
#####...[# #.#
######...######
#.........)...#
#...#...).#...#
#..###...###..#
#.## ##○## ##.#
#..###.☼☼###..#
#...#.@W☼.#...#
#......(§.....#
#...#.....#...#
#..###...###..#
#.## ##.## ##.#
#..###...###..#
#...#.....#...#
#......)..Y...#
#####''')'#####


You could see an eidolon and a +1 mace of distortion.

Vanquished Creatures
  Margery (Vaults:3)
  Saint Roka (Vaults:2)
  Arachne (Spider:2)
  2 tentacled starspawn (Abyss:4)
  A kraken (Shoals:1)
  Frances (Shoals:1)
  Gastronok (D:12)
  2 sphinxes (Vaults:4)
  An orc warlord (Orc:2)
  2 fire giants (Vaults:4)
  A deep elf sorcerer (Vaults:1)
  8 vault wardens
  Louise (Spider:2)
  Aizul (Shoals:4)
  5 ghost moths (Spider:4)
  An emperor scorpion (Spider:4)
  2 very ugly things (Vaults:4)
  9 ironheart preservers
  4 entropy weavers
  5 stone giants
  3 spark wasps (Spider:4)
  Nessos (Orc:2)
  4 deep elf demonologists
  A dire elephant (Lair:6)
  3 deep elf annihilators
  2 deep elf death magi
  Snorg (Lair:5)
  5 merfolk javelineers
  An eidolon (Vaults:2)
  A fire dragon (Vaults:2)
  A crystal guardian (Vaults:4)
  3 merfolk impalers (Shoals:4)
  Josephine (D:14)
  Harold (Orc:1)
  13 hydras
  5 yaktaur captains
  A deep elf high priest (Elf:2)
  13 vault guards
  2 catoblepae
  2 rakshasas
  4 death knights
  3 merfolk aquamancers
  30 two-headed ogres
  3 centaur warriors
  21 dancing weapons
  2 satyrs (Shoals:4)
  10 ogre magi
  3 tengu warriors
  An alligator snapping turtle (shapeshifter) (D:15)
  A shock serpent (shapeshifter) (Vaults:2)
  A vampire mage (Vaults:2)
  3 hell hogs (Abyss:4)
  6 death yaks (Lair:6)
  2 deep troll shamans
  Urug (Orc:1)
  3 hell knights (Vaults:3)
  14 deep elf knights
  2 wretched stars (Abyss:4)
  A skeletal warrior (Vaults:4)
  4 unseen horrors
  2 glowing orange brains
  3 flayed ghosts
  11 deep trolls
  2 wizards (Vaults:3)
  22 deep elf archers
  7 sea snakes
  12 ironbrand convokers
  Pikel (D:4)
  3 necromancers
  30 wolf spiders
  15 harpies
  4 orc sorcerers
  An oklob plant (Lair:4)
  8 orc knights
  9 cyclopes
  15 orb spiders
  10 fauns
  16 manticores
  60 ugly things
  12 slime creatures
  48 deep elf magi
  3 moths of wrath
  5 torpor snails
  12 merfolk sirens
  7 black mambas
  5 water nymphs
  9 elephants
  12 cane toads
  10 vault sentinels
  2 orange demons (Abyss:4)
  A storm dragon simulacrum (Vaults:3)
  A gargoyle (D:11)
  10 komodo dragons
  A rime drake (Lair:6)
  A tormentor (Abyss:4)
  7 demonic crawlers
  23 yaktaurs
  6 efreet
  4 freezing wraiths
  A troll (shapeshifter) (Vaults:2)
  3 meliai (D:15)
  A queen bee (Lair:3)
  2 polar bears
  A merfolk (shapeshifter) (D:15)
  A jumping spider (shapeshifter) (D:15)
  18 merfolk
  3 tengu conjurers
  14 trolls
  34 jumping spiders
  12 hornets
  A wind drake (Shoals:2)
  2 nameless horrors
  A blink frog (shapeshifter) (Vaults:3)
  A hornet (shapeshifter) (Vaults:2)
  16 hippogriffs
  4 raiju (Abyss:4)
  8 dream sheep
  A meliai zombie (D:13)
  14 blink frogs
  7 large abominations (Abyss:4)
  A stone giant simulacrum (Vaults:2)
  11 water elementals
  39 tarantellas
  5 snapping turtles
  8 spriggans (Lair:2)
  2 air elementals
  56 redbacks
  A tarantella (shapeshifter) (Elf:1)
  67 yaks
  Sigmund (D:3)
  2 vampires
  2 fire elementals
  Eustachio (D:6)
  5 basilisks
  7 wyverns
  Grum (Lair:1)
  8 wraiths
  A ynoxinul (Abyss:4)
  3 neqoxecs (Abyss:4)
  5 hungry ghosts
  A basilisk (shapeshifter) (Elf:1)
  4 vampire mosquitoes (D:13)
  5 chaos spawn (Abyss:4)
  A steam dragon (Lair:3)
  8 wargs
  Duvessa (D:4)
  4 acid dragons
  7 porcupines
  28 water moccasins
  A black bear (shapeshifter) (D:14)
  4 ice beasts
  32 orc warriors
  2 eyes of draining
  A black bear (Lair:6)
  4 sky beasts
  7 necrophages
  4 phantoms
  42 ogres
  4 small abominations (Abyss:4)
  17 wolves
  5 boggarts (Vaults:3)
  8 centaurs
  12 crocodiles
  2 lemures (D:4)
  Blork the orc (D:5)
  2 big kobolds (Sewer)
  22 bullfrogs
  2 earth elementals (Elf:1)
  An elf skeleton (D:5)
  4 water moccasin zombies (Ossuary)
  Dowan (D:4)
  A wyvern skeleton (D:6)
  4 scorpions
  43 killer bees
  5 jellies
  4 electric eels
  10 wights
  9 howler monkeys
  6 bullfrog zombies
  3 centaur zombies
  2 quasits
  21 orc priests
  2 hounds
  2 iron imps (Abyss:4)
  5 centaur skeletons
  28 orc wizards
  A human zombie (D:5)
  Ijyb (D:5)
  3 bullfrog skeletons
  A human skeleton (D:5)
  3 iguanas
  14 worker ants
  6 big kobold zombies (Ossuary)
  2 hound skeletons
  3 mummies
  A worker ant zombie (D:8)
  Robin (D:4)
  A howler monkey skeleton (D:4)
  17 adders
  A river rat (Sewer)
  A shadow imp (D:8)
  A white imp (D:10)
  8 oozes
  3 adder zombies (Ossuary)
  2 adder skeletons (D:4)
  5 worms
  4 dart slugs
  4 leopard geckos
  87 orcs
  8 giant cockroaches
  A gnoll zombie (Ossuary)
  6 hobgoblins
  20 jackals
  9 kobolds
  5 quokkas
  7 ball pythons
  11 bats
  4 frilled lizards
  17 goblins
  A hobgoblin zombie (Ossuary)
  3 kobold zombies (Ossuary)
  A leopard gecko skeleton (D:8)
  An orc skeleton (D:5)
  3 orc zombies (Ossuary)
  9 rats
  A butterfly (Lair:5)
  5 fungi
  15 plants
  A starspawn tentacle (Abyss:4)
  6 tentacles
1696 creatures vanquished.

Vanquished Creatures (collateral kills)
  A kraken (Shoals:3)
  Roxanne (Shoals:3)
  A very ugly thing (Vaults:4)
  Fannar (Lair:1)
  A two-headed ogre (Vaults:2)
  2 deep elf knights
  5 sea snakes
  A deep troll (Vaults:1)
  The ghost of SamuraiZach the Grappler, a novice TrFi (D:8)
  2 orc knights (Vaults:2)
  A harpy (Shoals:4)
  An orc sorcerer (Orc:2)
  2 deep elf magi
  A wolf spider (Spider:4)
  5 fauns
  A salamander (shapeshifter) (Vaults:4)
  Joseph (Lair:1)
  A cyclops (Shoals:1)
  4 merfolk sirens
  A water nymph (Shoals:1)
  2 yaktaurs (Vaults:2)
  3 merfolk
  A troll (Vaults:2)
  4 wind drakes
  A dream sheep (Shoals:1)
  8 slime creatures
  A hippogriff (Lair:3)
  A snapping turtle (Shoals:3)
  4 redbacks (Spider:4)
  2 tarantellas (Spider:4)
  3 water elementals
  A hungry ghost (D:7)
  4 yaks
  A fire elemental (Elf:1)
  A warg (Orc:1)
  2 acid dragons (Vaults:2)
  A water moccasin (Lair:4)
  3 orc warriors
  An ice beast (D:7)
  3 necrophages (D:7)
  2 ogres
  A wolf (Lair:2)
  2 bullfrogs
  A human simulacrum (Vaults:2)
  2 wights
  A hound (D:6)
  A human zombie (D:5)
  2 orc wizards
  A big kobold zombie (Ossuary)
  An adder zombie (Ossuary)
  4 orcs
  A gnoll zombie (Ossuary)
  5 orc zombies
  A tentacle (Shoals:3)
106 creatures vanquished.

Vanquished Creatures (others)
  A daeva (Abyss:4)
  A merfolk impaler (Shoals:3)
  A hell hog (Abyss:4)
  A thrashing horror (Abyss:4)
  A deep elf knight (Elf:2)
  A sea snake (Shoals:4)
  A deep elf mage (Elf:1)
  A merfolk (Shoals:3)
  A small abomination (Abyss:4)
  An earth elemental (Elf:2)
  2 killer bees (Lair:3)
  18 fungi
  33 plants
  6 starspawn tentacles (Abyss:4)
  16 tentacles
85 creatures vanquished.

Grand Total: 1887 creatures vanquished

Notes
Turn   | Place    | Note
-------+----------+-------------------------------------------
     0 | D:1      | Glokmah the Gargoyle Ice Elementalist began the quest for
                  | the Orb.
     0 | D:1      | Reached XP level 1. HP: 10/10 MP: 3/3
   250 | D:1      | Reached XP level 2. HP: 13/16 MP: 0/5
   735 | D:1      | Reached skill level 1 in Fighting
   737 | D:1      | Reached XP level 3. HP: 17/20 MP: 4/6
   760 | D:1      | Learned a level 3 spell: Frozen Ramparts
  1228 | D:2      | Reached XP level 4. HP: 18/25 MP: 0/7
  1336 | D:2      | Reached skill level 5 in Ice Magic
  1336 | D:2      | Reached XP level 5. HP: 25/30 MP: 2/9
  1764 | D:2      | Found a shattered altar of Ashenzari.
  2157 | D:2      | Learned a level 3 spell: Ozocubu's Armour
  2462 | D:3      | Found a sacrificial altar of Ru.
  2467 | D:3      | Reached skill level 1 in Armour
  2506 | D:3      | Found a glowing drain.
  2565 | Sewer    | Entered a sewer
  2676 | Sewer    | Reached XP level 6. HP: 35/35 MP: 7/10
  2909 | Sewer    | Reached skill level 1 in Charms
  3147 | D:3      | Found a basalt altar of Yredelemnul.
  3377 | D:3      | Noticed Sigmund
  3410 | D:3      | Killed Sigmund
  3410 | D:3      | Reached XP level 7. HP: 40/40 MP: 5/12
  4109 | D:4      | Noticed Robin
  4109 | D:4      | Noticed Pikel
  4212 | D:4      | Learned a level 4 spell: Hailstorm
  4217 | D:4      | Noticed Duvessa
  4217 | D:4      | Noticed Dowan
  4228 | D:4      | Killed Duvessa
  4231 | D:4      | Killed Dowan
  4275 | D:4      | Found a stormy altar of Qazlal.
  4406 | D:4      | Became a worshipper of Qazlal Stormbringer
  4548 | D:4      | Killed Robin
  4555 | D:4      | Reached XP level 8. HP: 46/46 MP: 0/13
  4580 | D:4      | Killed Pikel
  4798 | D:4      | Reached * piety under Qazlal
  4955 | D:4      | Found a staircase to the Ecumenical Temple.
  4967 | D:4      | Reached skill level 5 in Fighting
  5186 | D:5      | Entered Level 5 of the Dungeon
  5442 | D:5      | Got a ruby-encrusted ring mail
  5501 | D:5      | Found a sand-covered staircase.
  5521 | D:5      | Reached skill level 1 in Conjurations
  5521 | D:5      | Reached XP level 9. HP: 50/54 MP: 9/15
  5525 | Ossuary  | Entered an ossuary
  5531 | Ossuary  | Learned a level 4 spell: Summon Ice Beast
  5645 | Ossuary  | Reached skill level 1 in Invocations
  5838 | Ossuary  | Reached skill level 1 in Summonings
  6053 | Ossuary  | Reached ** piety under Qazlal
  6273 | Ossuary  | Identified the +2 ring mail of Spring {rF+++} (You found it
                  | on level 5 of the Dungeon)
  6300 | D:5      | Noticed a nameless horror
  6304 | D:5      | Killed a nameless horror
  6772 | D:5      | Noticed Blork the orc
  6793 | D:5      | Killed Blork the orc
  6793 | D:5      | Reached skill level 2 in Invocations
  6856 | D:5      | Noticed Ijyb
  6864 | D:5      | Killed Ijyb
  7334 | D:6      | Noticed Eustachio
  7342 | D:6      | Killed Eustachio
  7764 | D:6      | Reached skill level 5 in Spellcasting
  8135 | D:6      | Found Ofarudgh's Distillery.
  8265 | D:6      | Reached *** piety under Qazlal
  8269 | D:6      | Reached XP level 10. HP: 53/60 MP: 6/17
  8272 | D:6      | Reached skill level 3 in Invocations
 10396 | D:8      | Reached skill level 5 in Dodging
 10483 | D:8      | Found Guess's Distillery.
 10493 | D:8      | Found a runed translucent gate.
 10493 | D:8      | Found a runed translucent gate.
 10494 | D:8      | Found a runed translucent gate.
 10495 | D:8      | Found an opulent altar of Gozag.
 10497 | D:8      | Noticed SamuraiZach's ghost (novice TrFi)
 10509 | D:8      | Killed SamuraiZach's ghost
 10509 | D:8      | Reached skill level 4 in Invocations
 10635 | D:8      | Found a glowing silver altar of Zin.
 10638 | D:8      | Found a burning altar of Makhleb.
 10639 | D:8      | Noticed an angel
 10640 | D:8      | Noticed a blizzard demon
 10882 | D:8      | Learned a level 3 spell: Conjure Flame
 10922 | D:8      | Found Aciapt's Gadget Shoppe.
 10980 | D:8      | Found Gefel's Armour Shop.
 11012 | D:8      | Got a pitted quarterstaff
 11013 | D:8      | Identified the +5 quarterstaff of a bailey {flame, *Noise
                  | rPois Int+7 Stlth+} (You found it on level 8 of the
                  | Dungeon)
 11506 | D:9      | Reached **** piety under Qazlal
 11605 | D:9      | Reached XP level 11. HP: 67/67 MP: 9/20
 11791 | D:9      | Reached skill level 5 in Invocations
 11869 | D:9      | Reached skill level 10 in Ice Magic
 12740 | D:10     | Entered Level 10 of the Dungeon
 13007 | D:10     | Reached ***** piety under Qazlal
 13113 | D:10     | Killed an unseen horror
 13180 | D:10     | Noticed a purple ugly thing
 13191 | D:10     | Killed a purple ugly thing
 13545 | D:10     | Reached skill level 6 in Invocations
 13843 | D:11     | Noticed a cyclops
 14008 | D:11     | Noticed a two-headed ogre
 14008 | D:11     | Noticed a purple ugly thing
 14016 | D:11     | Killed a purple ugly thing
 14213 | D:11     | Noticed a manticore
 14339 | D:11     | Killed a manticore
 14398 | D:11     | Reached skill level 5 in Armour
 14556 | D:11     | Noticed a two-headed ogre
 14572 | D:11     | Killed a two-headed ogre
 14736 | D:11     | Killed a cyclops
 14746 | D:11     | Noticed a manticore
 14775 | D:11     | Killed a manticore
 14775 | D:11     | Reached XP level 12. HP: 42/74 MP: 12/22
 14894 | D:11     | Reached skill level 7 in Invocations
 14947 | D:11     | Learned a level 2 spell: Blink
 15111 | D:11     | Noticed a two-headed ogre
 15119 | D:11     | Killed a two-headed ogre
 15193 | D:11     | Found a staircase to the Lair.
 15198 | D:11     | Noticed a five-headed hydra
 15217 | D:11     | Killed a five-headed hydra
 15532 | D:11     | Killed a two-headed ogre
 15698 | D:11     | Reached skill level 8 in Invocations
 16231 | Lair:1   | Entered Level 1 of the Lair of Beasts
 16257 | Lair:1   | Noticed an eight-headed hydra
 16258 | Lair:1   | Noticed Fannar
 16267 | Lair:1   | Noticed a seven-headed hydra
 16522 | Lair:1   | Killed a seven-headed hydra
 16554 | Lair:1   | Reached skill level 9 in Invocations
 16810 | Lair:1   | Reached XP level 13. HP: 77/80 MP: 1/24
 16814 | Lair:1   | Killed Fannar
 17173 | Lair:1   | Noticed Grum
 17179 | Lair:1   | Killed Grum
 17228 | Lair:1   | Noticed Joseph
 17337 | Lair:1   | Killed Joseph
 17689 | Lair:1   | Reached ****** piety under Qazlal
 18892 | Lair:1   | Upgraded the game from 0.26-a0-180-ge96aa7da28 to
                  | 0.26-a0-190-g75a3d40d47
 19338 | Lair:2   | Reached skill level 10 in Invocations
 21066 | Lair:3   | Found a hole to the Spider Nest.
 21269 | Lair:3   | Gained mutation: Your large and strong wings let you fly
                  | indefinitely. [Gargoyle growth]
 21269 | Lair:3   | Reached XP level 14. HP: 87/87 MP: 18/26
 21298 | Lair:3   | Reached skill level 10 in Fighting
 21677 | Lair:3   | Found a staircase to the Shoals.
 21835 | Lair:3   | Reached skill level 11 in Invocations
 23211 | Lair:4   | Identified the +5 flail "Ciwy" {flame, Str-3 Dex+5 SInv}
                  | (You found it on level 4 of the Lair of Beasts)
 24658 | Lair:5   | Found a staircase to the Slime Pits.
 24670 | Lair:5   | Noticed Snorg
 24683 | Lair:5   | Killed Snorg
 25647 | Lair:6   | Entered Level 6 of the Lair of Beasts
 26342 | Lair:6   | Reached skill level 12 in Invocations
 26758 | Lair:6   | Reached XP level 15. HP: 79/93 MP: 8/28
 27179 | Lair:6   | Learned a level 2 spell: Swiftness
 29153 | D:12     | Found a staircase to the Orcish Mines.
 29212 | D:12     | Noticed Gastronok
 29250 | D:12     | Killed Gastronok
 29477 | D:12     | Found a roughly hewn altar of Beogh.
 29979 | Orc:1    | Entered Level 1 of the Orcish Mines
 29979 | Orc:1    | Found Yrua's Magic Scroll Emporium.
 29979 | Orc:1    | Noticed Urug
 29987 | Orc:1    | Reached skill level 10 in Armour
 29988 | Orc:1    | Killed Urug
 30292 | Orc:1    | Found a radiant altar of Vehumet.
 30481 | Orc:2    | Entered Level 2 of the Orcish Mines
 30541 | Orc:2    | Noticed Nessos
 30543 | Orc:2    | Noticed an orc warlord
 30560 | Orc:2    | HP: 3/95 [Nessos/arrow (14)]
 30560 | Orc:2    | HP: 1/95 [Nessos/arrow (2)]
 30574 | Orc:1    | Noticed Harold
 30870 | Orc:2    | Killed an orc warlord
 30870 | Orc:2    | Reached skill level 13 in Invocations
 31395 | Orc:1    | Found Roxkuno's Book Shop.
 31592 | Orc:1    | Found a roughly hewn altar of Beogh.
 32413 | Orc:2    | Found a staircase to the Elven Halls.
 32568 | Orc:2    | Reached XP level 16. HP: 59/100 MP: 0/29
 32741 | Orc:2    | Found Gahapeisk's Antique Weapon Emporium.
 32742 | Orc:2    | Found Rusoci's Weapon Shoppe.
 32909 | Orc:2    | Found Ublecu's Distillery.
 32914 | Orc:2    | Found Qixueb's Jewellery Emporium.
 33662 | Orc:1    | Killed Harold
 33671 | Orc:2    | Killed Nessos
 34162 | D:12     | Reached skill level 10 in Spellcasting
 34417 | Orc:2    | Bought the amulet of Knowledge {RegenMP rF- rC- MR+++ MP+9}
                  | for 849 gold pieces
 34556 | D:12     | Reached skill level 15 in Ice Magic
 35833 | D:13     | Found a gate to the Vaults.
 36122 | D:14     | Noticed Josephine
 36132 | D:14     | Killed Josephine
 36132 | D:14     | Reached skill level 14 in Invocations
 37682 | D:14     | Learned a level 4 spell: Dispel Undead
 37732 | D:15     | Entered Level 15 of the Dungeon
 37896 | D:15     | Reached skill level 1 in Necromancy
 38378 | D:15     | Reached XP level 17. HP: 102/106 MP: 26/31
 38452 | D:15     | Noticed a quicksilver dragon
 38452 | D:15     | a fire giant changed into a quicksilver dragon
 38456 | D:15     | a quicksilver dragon changed into a shadow dragon
 39450 | D:15     | Found a staircase to the Depths.
 39969 | Spider:1 | Entered Level 1 of the Spider Nest
 40842 | Spider:1 | You are sucked into a shaft and drop 1 floor!
 40846 | Spider:2 | Noticed Arachne
 40861 | Spider:2 | Killed Arachne
 40861 | Spider:2 | Reached skill level 15 in Invocations
 41782 | Spider:2 | Noticed Louise
 41797 | Spider:2 | Killed Louise
 43771 | Spider:4 | Entered Level 4 of the Spider Nest
 44297 | Spider:4 | Reached XP level 18. HP: 113/113 MP: 21/33
 45311 | Spider:4 | Reached skill level 16 in Invocations
 46594 | Spider:4 | Got a gossamer rune of Zot
 46913 | Shoals:1 | Entered Level 1 of the Shoals
 46953 | Shoals:1 | Noticed Frances
 46957 | Shoals:1 | Killed Frances
 47589 | Shoals:1 | Found Darro's Antique Armour Boutique.
 47602 | Shoals:1 | Bought a fine helmet for 294 gold pieces
 47614 | Shoals:1 | Identified the +0 helmet of the Land of Plenty {+Fly MR-
                  | rCorr} (You bought it in a shop on level 1 of the Shoals)
 48134 | Shoals:2 | Found Paha's Book Boutique.
 48404 | Shoals:2 | Identified the +2 scale mail "Evvid" {+Inv MR++} (You found
                  | it on level 2 of the Shoals)
 48407 | Shoals:2 | Found Routeos's Magic Scroll Boutique.
 48423 | Shoals:2 | Bought a scroll of magic mapping for 38 gold pieces
 49224 | Orc:1    | Bought a manual of Fighting for 1214 gold pieces
 49390 | Shoals:2 | Bought a book of Unlife for 975 gold pieces
 49396 | Shoals:2 | Learned a level 5 spell: Borgnjor's Vile Clutch
 49409 | Shoals:2 | Learned a level 6 spell: Simulacrum
 49426 | Shoals:3 | Reached skill level 1 in Earth Magic
 50107 | Shoals:3 | Reached XP level 19. HP: 94/120 MP: 8/34
 50242 | Shoals:3 | Noticed Roxanne
 50268 | Shoals:3 | Killed Roxanne
 50728 | Shoals:4 | Entered Level 4 of the Shoals
 50806 | Shoals:4 | Noticed Aizul
 50807 | Shoals:4 | Identified the +6 long sword of Corporal Punishment
                  | {freeze, MR+}
 50817 | Shoals:4 | Killed Aizul
 51676 | Shoals:4 | Reached skill level 5 in Earth Magic
 52120 | Shoals:4 | Reached skill level 17 in Invocations
 52225 | Shoals:4 | Got a barnacled rune of Zot
 52919 | Vaults:1 | Entered Level 1 of the Vaults
 53753 | Vaults:1 | Identified the cursed +1 plate armour "Hepteotwuk" {Str+7}
                  | (You found it on level 1 of the Vaults)
 54956 | Vaults:2 | Found a flickering gateway to a bazaar.
 54987 | Bazaar   | Entered a bazaar
 55059 | Bazaar   | Found Feeshrou's Magic Scroll Boutique.
 55063 | Bazaar   | Found Ijuulov's Gadget Boutique.
 55063 | Bazaar   | Found Talaus's Assorted Antiques.
 55064 | Bazaar   | Found Feujok's Gadget Boutique.
 55099 | Bazaar   | Bought a scroll of magic mapping for 38 gold pieces
 55099 | Bazaar   | Bought a scroll of blinking for 82 gold pieces
 55099 | Bazaar   | Bought a scroll of summoning for 104 gold pieces
 55212 | Vaults:2 | Noticed Saint Roka
 55500 | Vaults:2 | Killed Saint Roka
 55500 | Vaults:2 | Reached XP level 20. HP: 69/128 MP: 20/36
 55868 | Vaults:2 | Reached skill level 15 in Fighting
 57694 | Vaults:2 | Reached skill level 18 in Invocations
 58243 | Vaults:2 | Found a staircase to the Crypt.
 59340 | Vaults:3 | Reached skill level 10 in Earth Magic
 59682 | Vaults:3 | Identified the +9 hand axe "Apnell" {vorpal, rC- Str+2
                  | Int+2 Stlth+}
 60405 | Vaults:3 | Noticed Margery
 60798 | Vaults:3 | Killed Margery
 61712 | Vaults:4 | Reached XP level 21. HP: 97/136 MP: 19/38
 62543 | Vaults:4 | Learned a level 6 spell: Iron Shot
 63893 | Vaults:4 | Identified the cursed +1 ring mail of Keuxkae {+Inv rC++
                  | Str-4 Dex+4} (You found it on level 4 of the Vaults)
 64891 | Elf:1    | Entered Level 1 of the Elven Halls
 65201 | Elf:1    | Reached skill level 5 in Conjurations
 65201 | Elf:1    | Reached skill level 19 in Invocations
 66971 | Elf:2    | Reached XP level 22. HP: 68/144 MP: 0/40
 67676 | Elf:2    | Found a huge runed translucent gate.
 67677 | Elf:2    | Found a huge runed translucent gate.
 67678 | Elf:2    | Found a huge runed translucent gate.
 67678 | Elf:2    | Found a huge runed translucent gate.
 67679 | Elf:2    | Found a huge runed translucent gate.
 68540 | Elf:2    | Cast into level 4 of the Abyss (+1 mace of distortion)
 68681 | Abyss:4  | Reached skill level 15 in Spellcasting
 68945 | Elf:2    | Escaped the Abyss
 68945 | Elf:2    | Slain by a +1 mace of distortion

Illustrated notes

Levels and vault maps discovered:
D:1:      evilmike_arrival_hilbert_curve, layout_basic
D:2:      layout_basic, overflow_temple_1_default
D:3:      layout_basic, nicolae_ru_awakened_eye, first_ration,
          cheibrodos_sewer_entry_drain, serial_rivers,
          chequers_serial_rivers_marsh, chequers_serial_rivers_room_a,
          chequers_serial_rivers_small_3, chequers_serial_rivers_small_3,
          yredelemnul_altar_generic, uniq_sigmund
D:4:      layout_rooms, minmay_temple_entry_junction,
          nicolae_qazlal_general_emergency, uniq_robin, uniq_pikel, uniq_duvessa
D:5:      layout_basic, nicolae_ossuary_entry_catacombs, uniq_ijyb,
          uniq_blork_the_orc
D:6:      layout_cave_pods, serial_shops, kennysheep_little_box, uniq_eustachio
D:7:      layout_loops_ring, serial_undead, serial_undead_a, serial_undead_a,
          serial_undead_a, serial_undead_d, chequers_serial_rivers_room_b,
          grunt_ogre_cave
D:8:      layout_basic, grunt_temple_overflow_order_and_chaos_2,
          ebering_ghost_gozag, serial_shops, nicolae_shop_trees,
          nicolae_shop_trees, shop, minmay_fractal_squares_gapless_5
D:9:      layout_irregular_city
D:10:     layout_roguey, kennysheep_cross_bottleneck
D:11:     minmay_polygon_palace, layout_basic, erik_lair_orcish_takeover
D:12:     layout_irregular_city, minmay_orc_entry_temple_small,
          corexii_hall_statues_u, uniq_gastronok
D:13:     layout_rooms, grunt_vaults_entry_fortified
D:14:     layout_roguey, minmay_holes, serial_co_window_serial,
          co_window_corner_a, co_window_cross_1, co_window_of_opportunity_a,
          co_window_of_opportunity_a, co_window_paths_b, co_window_corner_a,
          co_window_paths_a, co_window_of_opportunity_a, co_window_paths_a,
          co_window_of_opportunity_b, co_window_corner_b,
          co_window_of_opportunity_b, co_window_paths_e, uniq_josephine
D:15:     gammafunk_enter_depths_forms, layout_cave_pools,
          hangedman_abyss_or_decor_stabs
Lair:1:   layout_layer_cave, minmay_shattered_shrine, infiniplex_staircase_pool,
          uniq_fannar, uniq_joseph, uniq_grum
Lair:2:   kb_forest_paths, layout_long_grid
Lair:3:   regret_index_bee_streams, layout_chaotic_city,
          elwin_shoals_entry_stream, spider_nest_entry_a, st_stairs_12
Lair:4:   layout_misc_corridors, serial_bayou_shore_b, grunt_megastairs_5,
          serial_bayou_shore_a, serial_bayou_shore_b
Lair:5:   layout_cave_pods, nicolae_slime_entry_slimehenge, grunt_megastairs_2,
          lemuel_fruit_fields, uniq_snorg
Lair:6:   grunt_lair_end_beastmaster, layout_cave_pods, serial_bayou_shore_b
Shoals:1: layout_shoals, serial_shops, nicolae_shop_trees, uniq_frances
Shoals:2: layout_shoals, serial_shops, nicolae_shop_trees, nicolae_shop_crystal
Shoals:3: cheibrodos_shoals_baths, layout_shoals,
          nicolae_shoals_stone_sculpture_thing, kb_tengu_band, uniq_roxanne
Shoals:4: shoals_end_grunt_garden, layout_shoals, uniq_aizul
Spider:1: layout_spider_delve
Spider:2: layout_spider_delve, uniq_arachne, uniq_louise
Spider:3: layout_spider_delve
Spider:4: johnstein_spider_rune_arachne_lair, hangedman_spider_mandibles
Orc:1:    layout_caves, serial_shops, shop, nicolae_shop_crystal, basic_altar,
          lemuel_statue_altar, uniq_urug, uniq_harold
Orc:2:    st_orc_open, layout_diamond_mine, mines_bat_river, uniq_nessos
Elf:1:    layout_geoelf_octagon, serial_sigils, serial_sigils_hangedman_scar,
          serial_sigils_hangedman_gut, serial_sigils_hangedman_quiver,
          serial_sigils_hangedman_gnaw, minivault_28
Elf:2:    layout_loops_ring
Vaults:1: hangedman_vaults_slither, v_alt_pattern_4, hangedman_vaults_capsules,
          v_misc_33, grunt_vaults_focal, ontoclasm_vaults_ligature,
          layout_vaults_omnigrid
Vaults:2: nicolae_vaults_circle_grid_b, v_misc_5, v_pattern_5,
          vaults_standard_mumra_lines, ontoclasm_vaults_fire_temple, v_misc_10,
          minmay_crypt_entry_simple_sparse, vaults_dpeg_hooks,
          ontoclasm_vaults_twist, layout_vaults_chaotic_city, serial_shops,
          bzr_entry_gold, uniq_saint_roka
Vaults:3: ontoclasm_vaults_shuriken, hangedman_vaults_corner,
          hangedman_vaults_trim, nicolae_vaults_statue_guard,
          nicolae_vaults_yaktaur_gun_rack, v_misc_3, ontoclasm_vaults_bender,
          nicolae_vaults_stairing_the_circle, v_pattern_3, vaults_room_pool,
          layout_vaults_omnicross, uniq_margery
Vaults:4: ontoclasm_vaults_echo, hangedman_vaults_variations,
          ontoclasm_vaults_spin, v_misc_28, ontoclasm_vaults_chip, v_rooms_3,
          nicolae_vaults_network_square, ontoclasm_vaults_idyll,
          vaults_dpeg_diagonal, nicolae_vaults_circle_grid_b, layout_vaults_ring

Skill      XL: |  1  2  3  4  5  6  7  8  9 10 11 12 13 14 15 16 17 18 19 20 21 22 |
---------------+-------------------------------------------------------------------+-----
Fighting       | 1 2 3 5 7 8 9 10 11 12 13 14 16 17 | 17.1
Dodging        | 2 3 4 5 6 7 8 9 |  9.6
Ice Magic      | 5 6 7 8 9 11 12 13 14 15 16 17 18 | 18.4
Armour         | 1 2 3 5 7 8 9 10 11 12 13 14 | 14.0
Spellcasting   | 3 4 5 6 7 8 9 10 11 12 13 14 15 | 15.1
Charms         | 1 2 |  2.0
Conjurations   | 1 3 4 6 7 |  7.0
Invocations    | 2 4 6 9 10 12 13 14 15 16 17 18 19 | 19.4
Summonings     | 3 4 |  4.0
Necromancy     | 1 3 4 |  4.0
Earth Magic    | 3 8 10 11 | 11.0
Stealth        | |  2.1

Action                   |  1- 3 |  4- 6 |  7- 9 | 10-12 | 13-15 | 16-18 | 19-21 | 22-24 || total
-------------------------+-------+-------+-------+-------+-------+-------+-------+-------++-------
Melee: Dagger            |    22 |    36 |   368 |    16 |       |       |       |       ||   442
       Dire flail        |       |       |       |    65 |       |       |       |       ||    65
       Quarterstaff      |       |       |       |    96 |   140 |   150 |    92 |    44 ||   522
       Flail             |       |       |       |       |     1 |    64 |       |       ||    65
Throw: Stone             |       |     9 |       |       |       |       |       |       ||     9
       Dart              |       |       |     8 |     3 |       |       |       |       ||    11
 Cast: Freeze            |    33 |    67 |   101 |   198 |   664 |   543 |   431 |    34 ||  2071
       Frozen Ramparts   |     2 |    16 |    39 |    71 |   129 |   182 |   158 |    23 ||   620
       Ozocubu's Armour  |       |       |    10 |    17 |    66 |    44 |    41 |     4 ||   182
       Summon Ice Beast  |       |       |     9 |    22 |    10 |    13 |    25 |     6 ||    85
       Hailstorm         |       |       |     9 |    15 |    31 |   263 |   433 |    26 ||   777
       Conjure Flame     |       |       |       |     5 |       |     1 |     2 |       ||     8
       Blink             |       |       |       |     1 |       |     2 |     3 |     8 ||    14
       Dispel Undead     |       |       |       |       |       |    14 |    18 |     2 ||    34
       Simulacrum        |       |       |       |       |       |     2 |    29 |     2 ||    33
       Borgnjor's Vile C |       |       |       |       |       |     1 |     1 |       ||     2
       Swiftness         |       |       |       |       |       |       |     1 |       ||     1
       Iron Shot         |       |       |       |       |       |       |    49 |    38 ||    87
Invok: Upheaval          |       |       |       |     5 |    25 |    33 |    33 |     5 ||   101
       Elemental Force   |       |       |       |     1 |     2 |       |       |       ||     3
       Disaster Area     |       |       |       |       |     1 |       |       |       ||     1
 Abil: Fly               |       |       |       |       |     1 |       |       |       ||     1
  Use: Scroll            |       |       |    26 |     9 |    14 |    11 |    13 |     4 ||    77
       Potion            |       |       |     1 |     1 |     4 |     3 |     1 |    11 ||    21
 Stab: Sleeping          |       |     2 |     2 |       |       |       |       |       ||     4
       Distracted        |       |       |     2 |       |       |       |       |       ||     2
  Eat: Chunk             |     1 |     9 |    13 |    13 |    25 |    28 |     3 |       ||    92
       Ration            |       |       |     3 |     5 |     7 |     9 |    14 |     2 ||    40
Armor: Robe              |    11 |       |    18 |   198 |   445 |   737 |   397 |   101 ||  1907
       Leather armour    |     5 |    32 |   177 |       |       |       |       |       ||   214
       Ring mail         |       |       |       |       |     5 |       |       |       ||     5
Dodge: Dodged            |    29 |    63 |   267 |   248 |   548 |   798 |   457 |   106 ||  2516
       Repelled          |       |       |       |    13 |    21 |    33 |   105 |    11 ||   183
Block: Other             |       |       |    23 |   101 |   359 |   333 |   263 |    61 ||  1140

Table legend:
 A = Non-vault XP
 B = Vault XP
 C = Vault XP percentage of total XP
 D = Non-vault monster count
 E = Vault monster count
 F = Vault count percentage of total count
                 A         B        C        D         E       F
            +---------+---------+-------+---------+---------+-------
      Total |  373451 |  255418 |  40.6 |    1181 |     595 |  33.5
            +---------+---------+-------+---------+---------+-------
        D:1 |      49 |       0 |   0.0 |      29 |       0 |   0.0
        D:2 |     206 |       0 |   0.0 |      27 |       0 |   0.0
        D:3 |      54 |     219 |  80.2 |      20 |       6 |  23.1
        D:4 |     476 |     915 |  65.8 |      22 |      14 |  38.9
        D:5 |     572 |     311 |  35.2 |      23 |       8 |  25.8
        D:6 |    1137 |     196 |  14.7 |      27 |       1 |   3.6
        D:7 |     977 |     891 |  47.7 |      10 |      10 |  50.0
        D:8 |    1152 |     865 |  42.9 |      21 |       8 |  27.6
        D:9 |    1680 |       0 |   0.0 |      29 |       0 |   0.0
       D:10 |    3797 |       0 |   0.0 |      28 |       0 |   0.0
       D:11 |    7616 |    4491 |  37.1 |      23 |      25 |  52.1
       D:12 |    7641 |    2317 |  23.3 |      31 |       9 |  22.5
       D:13 |    8272 |    6787 |  45.1 |      49 |      10 |  16.9
       D:14 |   19056 |    2098 |   9.9 |      50 |       6 |  10.7
       D:15 |   11614 |    4811 |  29.3 |      37 |       8 |  17.8
     Lair:1 |    6632 |    5067 |  43.3 |      27 |      18 |  40.0
     Lair:2 |    5361 |    3616 |  40.3 |      31 |      14 |  31.1
     Lair:3 |    6531 |    7803 |  54.4 |      18 |      52 |  74.3
     Lair:4 |    5007 |     217 |   4.2 |      18 |       2 |  10.0
     Lair:5 |    8115 |    2696 |  24.9 |      25 |      12 |  32.4
     Lair:6 |   12551 |    9947 |  44.2 |      43 |      18 |  29.5
   Shoals:1 |   13241 |    2272 |  14.6 |      26 |       1 |   3.7
   Shoals:2 |    4559 |       0 |   0.0 |      13 |       0 |   0.0
   Shoals:3 |   19585 |    4923 |  20.1 |      43 |      10 |  18.9
   Shoals:4 |   10907 |   17940 |  62.2 |      24 |      29 |  54.7
   Spider:1 |   11795 |       0 |   0.0 |      36 |       0 |   0.0
   Spider:2 |   11489 |    5284 |  31.5 |      34 |       2 |   5.6
   Spider:3 |   16512 |       0 |   0.0 |      48 |       0 |   0.0
   Spider:4 |    8138 |   33031 |  80.2 |      27 |      66 |  71.0
      Orc:1 |    2881 |    1977 |  40.7 |      25 |       3 |  10.7
      Orc:2 |    5077 |   16971 |  77.0 |      30 |      44 |  59.5
      Elf:1 |   24760 |    8332 |  25.2 |      44 |      12 |  21.4
      Elf:2 |   18400 |   10014 |  35.2 |      30 |      13 |  30.2
   Vaults:1 |   31325 |    5870 |  15.8 |      52 |      11 |  17.5
   Vaults:2 |   27434 |   23426 |  46.1 |      59 |      45 |  43.3
   Vaults:3 |   14823 |   20912 |  58.5 |      28 |      29 |  50.9
   Vaults:4 |   39535 |   37085 |  48.4 |      54 |      41 |  43.2
    Abyss:4 |    4494 |   13357 |  74.8 |      20 |      23 |  53.5
      Sewer |       0 |     255 | 100.0 |       0 |      15 | 100.0
    Ossuary |       0 |     522 | 100.0 |       0 |      30 | 100.0
            +---------+---------+-------+---------+---------+-------
